 Dungeon Sprint DCSS version 0.17-a0-1210-g1e4f09d (webtiles) character file.

281 Kidiri the Covert (level 6, -2/35 HPs)
             Began as a Spriggan Assassin on June 3, 2015.
             Was an Initiate of Dithmenos.
             Slain by a spatial vortex (3 damage)
             ... in the Dungeon (Sprint III: "The Ten Rune Challenge").
             The game lasted 00:02:55 (704 turns).

Kidiri the Covert (Spriggan Assassin)                Turns: 704, Time: 00:02:57

Health: -2/35      AC:  3    Str:  7    XL:     6   Next: 6%
Magic:  7/7        EV: 25    Int: 12    God:    Dithmenos [......]
Gold:   19         SH:  0    Dex: 20    Spells: 0 memorised, 5 levels left

rFire  . . .     SeeInvis +     a - +2 dagger
rCold  . . .     Clarity  .     c - +0 robe
rNeg   . . .     SustAt   .     (shield restricted)
rPois  .         Gourm    .     (helmet restricted)
rElec  .         Spirit   .     d - +0 cloak
rCorr  .         Warding  .     (gloves unavailable)
rMut   .         NoTele   +     (boots unavailable)
MR     +....                    (no amulet)
Stlth  ++++++....               (no ring)
                                (no ring)

@: very quick, somewhat resistant to hostile enchantments, very stealthy
A: unfitting armour, see invisible, herbivore 3, speed 3, slow metabolism 2
a: Renounce Religion


You were in the Dungeon.
You worshipped Dithmenos.
Dithmenos was noncommittal.
You were not hungry.

You visited 1 branch You collected 19 gold pieces.

Inventory:

Hand weapons
 a - a +2 dagger (weapon)
 b - a +0 blowgun
Missiles
 e - 5 poisoned needles
 f - 2 curare-tipped needles
Armour
 c - a +0 robe (worn)
 d - a +0 cloak (worn)
Scrolls
 m - 2 scrolls of blinking
 o - a scroll of holy word {unknown}
 p - 2 scrolls of identify {unknown}
 t - a scroll of torment {unknown}
 u - a scroll of remove curse {unknown}
Potions
 h - a potion of curing
 j - a potion of haste
 k - 2 potions of magic
 r - 3 potions of cure mutation
 s - 3 potions of flight
Comestibles
 g - 2 bread rations
 q - 4 royal jellies


   Skills:
 * Level 4.9 Fighting
 * Level 5.9 Short Blades
 * Level 6.5 Throwing
 * Level 8.2 Dodging
 * Level 10.6 Stealth


You had 5 spell levels left.
You didn't know any spells.

Dungeon Overview and Level Annotations

Branches:
Dungeon (1/1)

Altars:
Dithmenos
Gozag
Makhleb
Nemelex Xobeh
Qazlal
Ru
Xom
Jiyva
Lugonu


Innate Abilities, Weirdness & Mutations

You are tiny and cannot use many weapons and most armour.
You have supernaturally acute eyesight.
You are a herbivore.
You cover ground extremely quickly.
You need consume almost no food.


Message History

The spatial vortex is heavily damaged.
You hit the spatial vortex.
The spatial vortex is heavily damaged.
You hit the spatial vortex.
The spatial vortex is heavily damaged.
You hit the spatial vortex.
The spatial vortex is heavily damaged.
You hit the spatial vortex.
The spatial vortex is severely damaged.
You hit the spatial vortex.
The spatial vortex is severely damaged.
You hit the spatial vortex.
The spatial vortex is severely damaged.
You hit the spatial vortex but do no damage.
The spatial vortex is severely damaged.
The spatial vortex hits you!!
Ouch! That really hurt!
* * * LOW HITPOINT WARNING * * *
Space bends around you.
You die...

..#..#..###+#+###+##
..##'#..#..........#
..###...'.⌠........#
.####...#...######'#
.###....#.⌠.#__#...#
.##.....#...#__#...#
.#......#+###__#...#
#.#.....# #__#...+
####....# #_.v@..#
▓▓▓▓▓▓ ▓▓▓▓▓▓▓▓


You could see a spatial vortex.

Vanquished Creatures
  A shadow (D)
  A water elemental (D)
  A jelly (D)
  A wolf (D)
  A human (D)
  2 oozes (D)
  2 rats (D)
9 creatures vanquished.

Vanquished Creatures (others)
  2 draconian scorchers (D)
  2 fire drakes (D)
  A yaktaur (D)
  2 plants (D)
7 creatures vanquished.

Grand Total: 16 creatures vanquished

Notes
Turn   | Place    | Note
--------------------------------------------------------------
     0 | D        | Kidiri the Spriggan Assassin began the quest for the Orb.
     0 | D        | Reached XP level 1. HP: 10/10 MP: 2/2
    10 | D        | Reached skill level 1 in Short Blades
    10 | D        | Reached skill level 6 in Stealth
    13 | D        | Reached XP level 2. HP: 13/15 MP: 3/3
    80 | D        | Killed a fire drake
   203 | D        | Noticed a wolf
   206 | D        | Killed a wolf
   206 | D        | Reached skill level 7 in Stealth
   206 | D        | Reached XP level 3. HP: 17/19 MP: 4/4
   224 | D        | Gained mutation: You have a pair of small antennae on your head. [potion of mutation]
   225 | D        | Gained mutation: You can breathe flames. [potion of mutation]
   225 | D        | Gained mutation: Your body sometimes deteriorates upon taking damage. [potion of mutation]
   225 | D        | Lost mutation: You can breathe flames. [potion of mutation]
   226 | D        | Lost mutation: Your body sometimes deteriorates upon taking damage. [potion of cure mutation]
   226 | D        | Lost mutation: You have a pair of small antennae on your head. [potion of cure mutation]
   265 | D        | Noticed a water elemental
   265 | D        | Killed a fire drake
   268 | D        | Killed a water elemental
   268 | D        | Reached skill level 5 in Dodging
   268 | D        | Reached skill level 8 in Stealth
   268 | D        | Reached XP level 4. HP: 25/25 MP: 5/5
   349 | D        | Noticed a jelly
   350 | D        | Noticed a shadow
   391 | D        | Killed a yaktaur
   396 | D        | Killed a shadow
   396 | D        | Reached skill level 5 in Short Blades
   396 | D        | Reached skill level 10 in Stealth
   396 | D        | Reached XP level 5. HP: 23/30 MP: 6/6
   399 | D        | Killed a jelly
   399 | D        | Reached XP level 6. HP: 11/35 MP: 7/7
   527 | D        | Killed a white draconian scorcher
   622 | D        | Killed a white draconian scorcher
   668 | D        | Found a stormy altar of Qazlal.
   668 | D        | Found a sacrificial altar of Ru.
   668 | D        | Found a burning altar of Makhleb.
   668 | D        | Found a shimmering altar of Xom.
   668 | D        | Noticed a spatial vortex
   669 | D        | Found a viscous altar of Jiyva.
   669 | D        | Found a shadowy altar of Dithmenos.
   669 | D        | Found a sparkling altar of Nemelex Xobeh.
   669 | D        | Found a corrupted altar of Lugonu.
   669 | D        | Found an opulent altar of Gozag.
   677 | D        | Became a worshipper of Dithmenos the Shadowed
   704 | D        | HP: 1/35 [spatial vortex (26)]
   704 | D        | Slain by a spatial vortex

Vault maps used:
D:        dungeon_sprint_mu

Action                   |  1- 3 |  4- 6 || total
-------------------------+-------+-------++-------
Melee: Dagger            |    17 |    39 ||    56
 Fire: Blowgun           |       |     5 ||     5
  Use: Potion            |     3 |     2 ||     5
 Stab: Sleeping          |     4 |       ||     4
